 Dungeon Crawl Stone Soup version 0.22-a0-166-g5351223 (webtiles) character file.

422 Azzok the Fighter (level 6, 0/45 HPs)
             Began as a Gargoyle Monk on Feb 13, 2018.
             Slain by an ogre
             ... wielding a +0 giant club
              (10 damage)
             ... on level 4 of the Dungeon.
             The game lasted 00:07:51 (4475 turns).

Azzok the Fighter (Gargoyle Monk)                   Turns: 4475, Time: 00:07:52

Health: 0/45       AC:  9    Str: 17    XL:     6   Next: 95%
Magic:  15/15      EV: 11    Int: 10    God:
Gold:   233        SH:  0    Dex: 12    Spells: 5/5 levels left

rFire    . . .     SeeInvis .   n - +1 war axe (freeze)
rCold    . . .     Gourm    .   (no shield)
rNeg     + . .     Faith    .   f - +0 ring mail (curse)
rPois    ∞         Spirit   .   (no helmet)
rElec    +         Reflect  .   (no cloak)
rCorr    .         Harm     .   (no gloves)
MR       .....                  (no boots)
Stlth    +.........             (no amulet)
HPRegen  0.15/turn              g - ring of magical power
MPRegen  0.14/turn              (no ring)

@: no status effects
A: negative energy resistance 1, electricity resistance, unbreathing,
petrification resistance, rot immunity, AC +4
a: no special abilities


You were on level 4 of the Dungeon.
You were not hungry.

You visited 1 branch of the dungeon, and saw 4 of its levels.

You collected 233 gold pieces.

Inventory:

Hand Weapons
 a - a +0 falchion
 n - a +1 war axe of freezing (weapon)
Missiles
 l - 36 arrows
Armour
 f - a cursed +0 ring mail (worn)
 m - a +0 chain mail
Jewellery
 g - a ring of magical power (left hand)
Scrolls
 b - a scroll of enchant weapon
 e - 2 scrolls of magic mapping {unknown}
 h - a scroll of teleportation
 j - a scroll of enchant armour {unknown}
 p - a scroll of fear {unknown}
 s - 2 scrolls of identify
 t - a scroll of remove curse {unknown}
Potions
 d - a potion of brilliance {unknown}
 i - a potion of haste {unknown}
 k - a potion of lignification {unknown}
 o - a potion of flight {unknown}
 r - a potion of cancellation {unknown}
 u - a potion of heal wounds
 v - a potion of curing {unknown}
Comestibles
 c - 8 rations
 q - 3 chunks of flesh


   Skills:
 + Level 8.3 Fighting
 - Level 2.6 Long Blades
 - Level 2.4 Dodging
 - Level 2.1 Stealth


You had 5 spell levels left.
You didn't know any spells.

Dungeon Overview and Level Annotations

Branches:
Dungeon (4/15)
 Temple: D:4-7

Altars:
Cheibriados
Hepliaklqana
Kikubaaqudgha
Uskayaw

Shops:
D:4 *


Innate Abilities, Weirdness & Mutations

You are resistant to torment.
Your stone body is resilient. (AC +4)
You are immune to poison.
You resist negative energy. (rN+)
You are resistant to electric shocks. (rElec)
You can survive without breathing.
You are immune to petrification.
You are immune to rotting.


Message History

You kill the iguana!
You slash the ogre! You freeze the ogre. The ogre hits you with a giant club!!
Ouch! That really hurt!
The ogre misses you.
Found a scroll of teleportation.
You hit the ogre. You freeze the ogre.
The ogre is moderately wounded.
The ogre closely misses you.
You hit the ogre. You freeze the ogre.
The ogre is heavily wounded.
The ogre barely misses you.
You barely miss the ogre.
The ogre is heavily wounded.
The ogre hits you but does no damage.
You hit the ogre. You freeze the ogre.
The ogre is heavily wounded.
The ogre hits you with a giant club!
* * * LOW HITPOINT WARNING * * *
The ogre hits you with a giant club!
You die...

▒▒▒▒▒▒▒▒ ▒▒▒▒▒▒▒▒ ▒
······· ·▒ ▒······· ▒·▒▒
▒!···▒ ▒·▒ ▒·······
▒····▒%···▒▒▒·▒ ▒·······
▒······O···▒▒·▒ ▒▒▒·▒▒▒▒
▒······@···▒▒·▒▒▒▒▒·····
?··········▒▒·▒···▒▒▒▒▒·
··▒▒▒▒▒▒········▒·▒▒▒·(·
▒····[·········▒·
▒·······▒▒·▒·····
▒▒▒▒·············
▒····▒▒▒·········
▒········▒····>··
▒····▒▒▒·▒·······


You could see an ogre.

Vanquished Creatures
  An ogre (D:4)
  4 hounds
  An iguana (D:4)
  An orc wizard (D:3)
  4 adders
  2 worms (D:2)
  4 dart slugs
  6 leopard geckos
  15 orcs
  A bat zombie (D:2)
  4 giant cockroaches
  5 goblins
  9 hobgoblins
  4 jackals (D:3)
  11 kobolds
  A quokka (D:2)
  9 bats
  8 frilled lizards
  8 rats
  3 rat zombies (D:2)
101 creatures vanquished.

Notes
Turn   | Place    | Note
-------+----------+-------------------------------------------
     0 | D:1      | Azzok the Gargoyle Monk began the quest for the Orb.
     0 | D:1      | Reached XP level 1. HP: 14/14 MP: 1/1
    54 | D:1      | Reached XP level 2. HP: 12/20 MP: 2/2
    70 | D:1      | Reached skill level 4 in Fighting
   606 | D:1      | Reached XP level 3. HP: 21/24 MP: 3/3
  1079 | D:1      | Reached skill level 5 in Fighting
  1706 | D:2      | Reached XP level 4. HP: 10/31 MP: 4/4
  2137 | D:2      | Found a hide-covered altar of Uskayaw.
  2139 | D:2      | Noticed a dagger
  2139 | D:2      | Noticed a hand axe
  2237 | D:2      | Found an ancient bone altar of Kikubaaqudgha.
  2332 | D:2      | Reached skill level 6 in Fighting
  2332 | D:2      | Reached XP level 5. HP: 36/36 MP: 5/5
  2564 | D:2      | Found a hazy altar of Hepliaklqana.
  3583 | D:3      | Reached skill level 7 in Fighting
  3736 | D:3      | Reached XP level 6. HP: 37/44 MP: 6/6
  4082 | D:3      | Found a snail-covered altar of Cheibriados.
  4181 | D:4      | Found Nieclad's Assorted Antiques.
  4383 | D:4      | Reached skill level 8 in Fighting
  4475 | D:4      | Slain by an ogre

Vault maps used:
D:1:      lemuel_arrival_lava_pool, minmay_misc_feat_pillars,
          minmay_split_cup_small
D:2:      overflow_temple_1_default, dancing_weapons_uskayaw,
          lemuel_zombie_altar_kikubaaqudgha
D:3:      kennysheep_slug_shrine, first_ration, kennysheep_generic_room_13
D:4:      serial_shops, shop_statue, minmay_misc_feat_nine_boxes

Skill      XL: |  1  2  3  4  5  6 |
---------------+-------------------+-----
Fighting       | 4 5 6 7 8 |  8.3
Long Blades    | |  2.6
Dodging        | |  2.4
Stealth        | |  2.1

Action                   |  1- 3 |  4- 6 || total
-------------------------+-------+-------++-------
Melee: Falchion          |   125 |   233 ||   358
       War axe           |       |    43 ||    43
  Use: Scroll            |       |     4 ||     4
       Potion            |       |     1 ||     1
 Stab: Sleeping          |     1 |     2 ||     3
  Eat: Chunk             |     3 |     6 ||     9
       Ration            |       |     1 ||     1
Armor: Robe              |    26 |       ||    26
       Ring mail         |     7 |   131 ||   138
Dodge: Dodged            |    86 |   177 ||   263
       Rpst.: Falchion   |    30 |    52 ||    82

Table legend:
 A = Spawn XP
 B = Non-spawn XP
 C = Spawn XP percentage of total XP
 D = Spawn monster count
 E = Non-spawn monster count
 F = Spawn count percentage of total count
 G = Total turns spent on level
                    A         B        C        D         E        F      G
               +---------+---------+-------+---------+---------+-------+---------
         Total |       0 |     603 |   0.0 |       0 |     101 |   0.0 |  4475
               +---------+---------+-------+---------+---------+-------+---------
           D:1 |       0 |      63 |   0.0 |       0 |      33 |   0.0 |  1451
           D:2 |       0 |     135 |   0.0 |       0 |      25 |   0.0 |  1567
           D:3 |       0 |     140 |   0.0 |       0 |      36 |   0.0 |  1159
           D:4 |       0 |     265 |   0.0 |       0 |       7 |   0.0 |   298
               +---------+---------+-------+---------+---------+-------+---------
